Map: 2000 Atmospheres LE

Players

DPGZest (Zest)

  • Race: Protoss Protoss

Maru - Winner!

  • Race: Terran Terran
  • League: Master

Event: DreamHack SC2 Masters 2021 Summer

VOD

Have the link to the VOD?

Description

Time

  • Played on: July 1, 2021, 12:13 p.m.
  • Length: 14:16

All games in this series

Show
View Real Time Build Order
Export as new Build Order

DPGZest Protoss 

Build Orders: 1 Gate Expand, Oracle Opening, Phoenix Opening 

Get SALT Encoding   

  12  0:00  Probe  
  13  0:12  Probe  
  14  0:17  Pylon  
  14  0:24  Probe (Chrono Boost)  
  15  0:36  Probe (Chrono Boost)  
  15  0:37  Gateway  
  16  0:44  Probe (Chrono Boost)  
  16  0:46  Assimilator  
  17  0:51  Probe  
  18  1:03  Probe  
  19  1:15  Probe  
  20  1:24  Cybernetics Core  
  20  1:36  Nexus  
  20  1:38  Probe  
  21  1:46  Pylon  
  21  1:51  Probe  
  22  1:54  Assimilator  
  22  2:02  Adept (Chrono Boost)  
  22  2:03  Probe (Chrono Boost)  
  25  2:15  Probe (Chrono Boost)  
  26  2:17  Stargate  
  26  2:21  Probe (Chrono Boost)  
  27  2:26  Adept  
  27  2:29  Probe  
  30  2:38  Warp Gate  
  30  2:41  Probe  
  31  2:48  Probe  
  32  2:53  Probe  
  32  2:56  Adept  
  35  3:00  Probe, Oracle (Chrono Boost)  
  39  3:05  Probe  
  40  3:12  Pylon  
  40  3:13  Probe  
  40  3:17  Probe  
  42  3:23  Pylon  
  42  3:25  Probe  
  43  3:28  Phoenix (Chrono Boost)  
  43  3:30  Probe  
  43  3:32  Adept  
  48  3:37  Probe  
  49  3:42  Probe  
  49  3:45  Phoenix (Chrono Boost)  
  49  3:46  Pylon  
  52  3:49  Probe  
  52  3:54  Probe  
  54  4:01  Probe  
  55  4:06  Probe  
  55  4:07  Phoenix (Chrono Boost)  
  58  4:13  Probe  
  59  4:17  Nexus  
  59  4:19  Pylon  
  59  4:20  Probe  
  59  4:24  Phoenix (Chrono Boost)  
  62  4:35  Probe  
  52  4:39  Probe  
  52  4:41  Phoenix  
  52  4:48  Probe  
  52  4:51  Probe  
  54  4:56  Assimilator  
  54  4:58  Assimilator  
  54  5:00  Probe  
  54  5:03  Probe  
  54  5:12  Probe  
  55  5:16  Probe  
  56  5:22  Robotics Facility  
  56  5:24  Probe  
  56  5:28  Probe  
  54  5:34  Probe (Chrono Boost)  
  55  5:36  Probe (Chrono Boost)  
  55  5:40  Probe (Chrono Boost)  
  57  5:47  Pylon  
  57  5:48  Probe (Chrono Boost), Twilight Council, Forge  
  60  5:50  Probe x2 (Chrono Boost)  
  60  5:53  Probe (Chrono Boost)  
  60  5:55  Probe (Chrono Boost)  
  60  5:57  Probe (Chrono Boost)  
  63  5:59  Pylon  
  63  6:01  Sentry  
  66  6:07  Gateway  
  66  6:08  Probe (Chrono Boost), Gateway  
  66  6:09  Probe (Chrono Boost)  
  66  6:10  Gateway  
  68  6:12  Probe (Chrono Boost)  
  68  6:14  Probe (Chrono Boost)  
  68  6:16  Probe (Chrono Boost)  
  70  6:24  Probe  
  72  6:25  Probe  
  72  6:26  Probe, Protoss Ground Weapons Level 1  
  72  6:27  Observer, Blink  
  72  6:32  Sentry  
  76  6:35  Gateway  
  76  6:36  Probe, Gateway  
  76  6:37  Probe  
  76  6:39  Probe  
  76  6:50  Probe x2  
  76  6:53  Probe  
  76  7:02  Immortal (Chrono Boost)  
  76  7:03  Probe  
  76  7:05  Probe (Chrono Boost)  
  76  7:07  Probe (Chrono Boost)  
  83  7:13  Stalker x4  
  92  7:18  Probe (Chrono Boost)  
  92  7:21  Probe (Chrono Boost)  
  88  7:24  Probe (Chrono Boost)  
  88  7:25  Probe (Chrono Boost)  
  88  7:28  Probe (Chrono Boost)  
  90  7:33  Immortal (Chrono Boost)  
  90  7:36  Probe x2  
  96  7:38  Robotics Bay  
  96  7:40  Pylon  
  96  7:41  Pylon  
  96  7:44  Photon Cannon  
  96  7:48  Photon Cannon  
  96  7:49  Shield Battery  
  96  7:54  Probe x2  
  96  7:55  Probe  
  96  7:57  Pylon  
  99  8:00  Sentry  
  101  8:06  Probe  
  101  8:07  Probe x2  
  100  8:15  Stalker x4  
  108  8:22  Assimilator  
  108  8:25  Protoss Ground Weapons Level 2 (Chrono Boost), Gateway  
  108  8:26  Gateway, Assimilator  
  108  8:27  Colossus (Chrono Boost)  
  114  8:36  Extended Thermal Lance  
  114  8:45  Pylon  
  114  8:51  Stalker x4  
  105  9:10  Probe  
  105  9:11  Probe x2  
  105  9:13  Colossus (Chrono Boost)  
  114  9:22  Stalker x4  
  120  9:27  Charge  
  113  9:33  Probe  
  114  9:41  Dark Shrine, Robotics Facility  
  114  9:45  Probe x3  
  115  9:47  Photon Cannon  
  115  9:55  Zealot x3, Sentry  
  115  9:56  Zealot x2  
  115  9:58  Observer (Chrono Boost)  
  116  10:23  Stalker x8  
  116  10:27  Probe x2  
  116  10:28  Probe  
  125  10:31  Colossus (Chrono Boost)  
  131  10:51  Protoss Ground Armor Level 1 (Chrono Boost)  
  131  10:53  Warp Prism (Chrono Boost)  
  133  10:57  Shadow Stride  
  133  10:59  Pylon  
  133  11:01  Pylon  
  133  11:11  Pylon  
  133  11:12  Pylon  
  133  11:20  Immortal (Chrono Boost)  
  133  11:22  Observer  
  141  11:30  Immortal (Chrono Boost)  
  140  11:34  Sentry x2  
  140  11:35  Sentry  
  140  11:37  Observer  
  146  11:43  Immortal  
  146  11:52  Nexus  
  150  11:55  Pylon  
  150  12:04  Immortal  
  150  12:06  Zealot  
  150  12:07  Zealot x4  
  164  12:18  Dark Templar x3  
  171  12:38  Pylon  
  171  12:40  Pylon  
  171  12:43  Disruptor (Chrono Boost)  
  173  12:47  Disruptor (Chrono Boost)  
  163  13:05  Zealot x5  
  163  13:06  Zealot x3  
  163  13:08  Disruptor (Chrono Boost)  
  163  13:12  Disruptor (Chrono Boost)  
  167  13:28  Dark Templar x5  
  175  13:39  Dark Templar x3  
  147  14:03  Zealot  
  147  14:04  Zealot x4  
Show
View Real Time Build Order
Export as new Build Order

Maru Terran - Winner!

Build Orders:  

Get SALT Encoding   

  12  0:00  SCV  
  13  0:12  SCV  
  14  0:16  Supply Depot  
  14  0:24  SCV  
  15  0:38  SCV  
  15  0:39  Barracks  
  16  0:43  Refinery  
  16  0:50  SCV  
  17  1:02  SCV  
  18  1:14  SCV  
  19  1:26  Orbital Command, Marine  
  20  1:46  Command Center  
  20  1:53  SCV  
  21  1:54  Factory  
  21  2:02  Barracks Reactor, Supply Depot  
  21  2:06  SCV  
  22  2:12  Bunker  
  22  2:18  SCV  
  23  2:23  Refinery  
  23  2:30  SCV  
  24  2:40  Starport  
  24  2:44  SCV  
  25  2:45  Hellion  
  25  2:46  Hellion  
  29  2:56  SCV  
  29  2:57  Orbital Command  
  30  2:59  Barracks Tech Lab  
  30  3:10  Widow Mine x2  
  30  3:11  SCV  
  35  3:15  Supply Depot  
  35  3:19  Medivac  
  37  3:23  SCV  
  37  3:25  SCV  
  39  3:32  Widow Mine x2  
  43  3:35  SCV  
  43  3:37  SCV  
  45  3:43  Supply Depot  
  45  3:47  SCV  
  46  3:49  Medivac  
  46  3:53  Widow Mine, Marine  
  50  3:56  SCV  
  50  4:00  SCV  
  50  4:02  Widow Mine  
  53  4:08  SCV  
  54  4:12  SCV  
  54  4:21  Widow Mine, SCV  
  54  4:24  Widow Mine  
  59  4:27  SCV  
  60  4:33  SCV  
  55  4:39  SCV  
  55  4:42  Marine  
  55  4:43  Widow Mine, Stimpack  
  55  4:45  SCV  
  54  4:46  Engineering Bay  
  54  4:49  Medivac  
  54  4:51  SCV  
  54  4:52  Supply Depot  
  57  4:55  Widow Mine  
  57  4:57  SCV  
  60  5:00  Marine  
  60  5:03  SCV  
  62  5:12  Missile Turret  
  62  5:13  Widow Mine, SCV  
  65  5:14  Missile Turret  
  65  5:15  SCV  
  65  5:19  Marine  
  67  5:25  SCV  
  67  5:26  Command Center  
  67  5:28  SCV  
  68  5:33  Widow Mine  
  60  5:37  SCV, Marine  
  60  5:40  SCV  
  60  5:41  Terran Infantry Weapons Level 1  
  61  5:49  SCV, Barracks  
  62  5:50  Barracks  
  62  5:52  SCV  
  62  5:53  Barracks  
  62  5:55  Marine  
  64  5:58  Barracks  
  64  6:02  SCV  
  65  6:04  SCV, Missile Turret  
  65  6:05  Refinery, Starport Reactor  
  65  6:06  Widow Mine x2  
  70  6:14  SCV  
  70  6:16  SCV  
  68  6:23  Marine  
  68  6:24  Combat Shield  
  69  6:26  SCV  
  69  6:28  SCV  
  69  6:31  Widow Mine  
  69  6:33  Refinery  
  69  6:35  Supply Depot  
  69  6:38  SCV  
  69  6:39  Widow Mine  
  70  6:45  Barracks Reactor, Barracks Tech Lab  
  70  6:46  Barracks  
  71  6:47  SCV, Barracks  
  71  6:50  SCV  
  71  6:53  Barracks Reactor, Barracks Tech Lab  
  72  6:59  SCV  
  73  7:01  Marine  
  73  7:02  Widow Mine x2, SCV  
  73  7:03  Orbital Command  
  77  7:09  Marine  
  77  7:10  Concussive Shells  
  77  7:11  SCV  
  77  7:14  SCV  
  80  7:20  Supply Depot  
  80  7:21  Marauder x2, Marine, Supply Depot  
  83  7:23  SCV  
  83  7:26  SCV  
  83  7:27  Widow Mine x2  
  83  7:28  Marauder  
  88  7:31  Marine x2  
  88  7:35  Orbital Command, SCV  
  92  7:38  Terran Infantry Armor Level 1, SCV  
  92  7:39  Barracks Tech Lab x2, Supply Depot  
  92  7:45  Marauder x2  
  92  7:48  Medivac  
  92  7:49  Marauder  
  92  7:50  SCV x2  
  102  7:53  Supply Depot  
  102  7:54  Medivac  
  102  7:55  Widow Mine  
  102  7:57  Widow Mine  
  108  8:01  SCV, Marauder, Supply Depot  
  108  8:02  SCV  
  112  8:09  Marauder, Marine x2  
  117  8:12  Marauder  
  117  8:15  SCV  
  117  8:16  Marine  
  117  8:17  Marauder  
  117  8:19  Missile Turret  
  121  8:22  Marine  
  121  8:23  Marine, Supply Depot  
  123  8:29  SCV x3  
  123  8:31  Medivac x2  
  130  8:41  SCV x2, Armory  
  130  8:44  Engineering Bay  
  130  8:45  Marine  
  130  8:46  Marine, Supply Depot x2  
  134  8:53  SCV x2  
  134  8:55  Marauder x2  
  140  8:59  SCV  
  139  9:02  Widow Mine  
  139  9:05  SCV  
  139  9:07  Medivac x2  
  136  9:12  SCV  
  136  9:14  Marauder x2, Marine, Supply Depot x2  
  136  9:16  Marauder x3  
  148  9:22  Marine x2  
  150  9:25  SCV, Marine  
  140  9:32  Marine  
  140  9:36  SCV x2, Marauder x2  
  140  9:37  Marauder x2  
  140  9:38  Refinery, Marauder  
  148  9:39  Refinery, Marine  
  148  9:43  Marine x2  
  151  9:46  Terran Infantry Armor Level 2  
  151  9:49  Marine  
  152  9:57  Marauder x2, Marine  
  152  9:58  Marauder, Marine  
  152  9:59  Marauder  
  162  10:01  Marine x2, Supply Depot  
  164  10:07  Marine  
  164  10:10  Terran Infantry Weapons Level 2  
  165  10:15  Marine  
  165  10:17  Marauder  
  165  10:18  Marauder  
  165  10:19  Marauder  
  165  10:20  Marauder x2  
  166  10:21  Marine  
  166  10:22  Marine  
  166  10:25  Marine  
  146  10:31  Medivac  
  146  10:33  Marine  
  149  10:38  Marauder  
  149  10:39  Marine  
  149  10:40  Marauder x2  
  149  10:41  Marauder, Ghost Academy  
  149  10:42  Marauder  
  156  10:44  Marine  
  156  10:47  Widow Mine x2  
  155  10:53  Command Center  
  155  11:00  Marauder, Viking  
  155  11:01  Marauder, Viking  
  163  11:12  Ghost x3  
  163  11:15  Marine  
  163  11:16  Marine x3  
  172  11:22  Enhanced Shockwaves  
  172  11:32  Viking x2  
  176  11:34  Terran Ship Weapons Level 1, Supply Depot  
  176  11:35  Supply Depot  
  176  11:41  Ghost  
  176  11:43  Marine x3  
  176  11:44  Marine  
  181  11:47  Supply Depot  
  181  11:49  Missile Turret  
  181  11:55  Ghost  
  181  11:59  Ghost  
  185  12:01  Marauder, Marine x2  
  185  12:02  Marauder, Marine x2  
  193  12:09  Refinery x2, Planetary Fortress  
  192  12:27  Ghost x2  
  192  12:28  Marine x2  
  192  12:29  Marauder  
  200  12:37  Starport  
  198  12:48  Ghost  
  200  12:53  Command Center  
  193  13:08  Ghost  
  194  13:16  Medivac  
  194  13:18  Ghost  
  195  13:20  Starport Reactor  
  195  13:26  Medivac  
  197  13:37  Ghost  
Tags
 
Add a new tag
Caveats
  • Supply blocks, unpowered buildings, or Contaminate may cause inaccurate times.
  • Supply counts are checked every 10 seconds.